 Dungeon Crawl Stone Soup version 0.28-a0-580-ga2639ab843 (webtiles) character file.

Game seed: 15462448305569463298

937 timneilson the Covered (level 8, -4/48 HPs)
             Began as a Gargoyle Fighter on Oct 2, 2021.
             Was a Believer of Okawaru.
             Slain by a two-headed ogre (30 damage)
             ... on level 5 of the Dungeon.
             The game lasted 00:08:57 (7062 turns).

timneilson the Covered (Gargoyle Fighter)           Turns: 7062, Time: 00:08:57

Health: -4/48      AC: 17    Str: 28    XL:     8   Next: 12%
Magic:  7/9        EV: 11    Int:  9    God:    Okawaru [**....]
Gold:   343        SH: 10    Dex:  9    Spells: 7/7 levels left

rFire   . . .      SeeInvis .   a - +0 long sword
rCold   . . .      Faith    .   q - +0 kite shield
rNeg    + . .      Spirit   .   b - +0 scale mail
rPois   ∞          Reflect  .   i - +0 helmet
rElec   +          Harm     .   k - +0 cloak
rCorr   .          Rampage  .   (no gloves)
Will    .....                   (no boots)
Stlth   +.........              f - amulet of the acrobat
HPRegen 0.16/turn               r - +6 ring of strength
MPRegen 0.11/turn               (no ring)

@: heroic, on berserk cooldown, slowed, very slow
A: sickness immunity, AC +5, negative energy resistance 1, electricity
resistance, torment resistance 1, petrification resistance
a: Renounce Religion, Heroism


You were on level 5 of the Dungeon.
You worshipped Okawaru.
Okawaru was pleased with you.
You visited 2 branches of the dungeon, and saw 6 of its levels.

You collected 343 gold pieces.

Inventory:

Hand Weapons
 a - a +0 long sword (weapon)
Armour
 b - a +0 scale mail (worn)
 i - a +0 helmet (worn)
 k - a +0 cloak (worn)
 q - a +0 kite shield (worn)
Jewellery
 f - an amulet of the acrobat (around neck)
 r - a +6 ring of strength (left hand)
Scrolls
 o - 3 scrolls of enchant weapon {unknown}
 p - a scroll of identify
Potions
 d - a potion of might
 e - a potion of magic
 g - 3 potions of brilliance
 h - 3 potions of lignification
 j - a potion of haste {unknown}
 l - a potion of degeneration {unknown}
 m - a potion of cancellation {unknown}
 n - 2 potions of curing {unknown}
 s - a potion of resistance {unknown}


   Skills:
 + Level 4.6(9.6) Fighting
 * Level 4.3(9.3) Long Blades
 * Level 5.8(10.8) Armour
 + Level 2.2(7.2) Dodging
 * Level 5.7(10.7) Shields
 + Level 2.1 Invocations


You had 7 spell levels left.
You didn't know any spells.
Your spell library was empty.

Dungeon Overview and Level Annotations

Branches:
Dungeon (5/15)             Temple (1/1) D:4

Altars:
Ashenzari
Cheibriados
Dithmenos
Elyvilon
Fedhas
Gozag
Hepliaklqana
Kikubaaqudgha
Makhleb
Nemelex Xobeh
Okawaru
Qazlal
Ru
Trog
Uskayaw
Vehumet
Wu Jian
Xom
Yredelemnul
Zin
The Shining One

Annotations:
D:4 3 runed translucent doors, bande's ghost, amateur GrFi


Innate Abilities, Weirdness & Mutations

You are immune to sickness and miasma.
Your stone body is resilient. (AC +5)
You are immune to poison.
You resist negative energy. (rN+)
You are resistant to electric shocks. (rElec)
You are resistant to unholy torment.
You are immune to petrification.


Message History

You slash the scorpion zombie!
You destroy the scorpion zombie!
Okawaru accepts your kill.
No target in view!
No target in view!
No target in view!
No target in view!
No target in view!
No target in view!
No target in view!
No target in view!
No target in view!
No target in view!
No target in view!
No target in view!
No target in view!
No target in view!
A two-headed ogre comes into view.
It is wielding two +0 giant spiked clubs.
The two-headed ogre shouts in stereo!
It was a potion of berserk rage.
A red film seems to cover your vision as you go berserk!
You feel yourself moving faster!
You feel mighty!
You are too berserk!
You feel a strong urge to attack something.
You feel your anger nearly subside. The two-headed ogre misses you.
The two-headed ogre completely misses you.
You slash the two-headed ogre!
The two-headed ogre is moderately wounded.
You slash the two-headed ogre!
The two-headed ogre is moderately wounded.
You are no longer berserk.
You are exhausted.
You feel yourself slow down.
The two-headed ogre hits you with a +0 giant spiked club!!
The two-headed ogre hits you but does no damage.
You gain the combat prowess of a mighty hero.
The two-headed ogre hits you with a +0 giant spiked club!!
Ouch! That really hurt!
You die...

'...#......#
#####......##+#
#...#......'..#
#...#......#..#
#...#......##+##
#...#..........# .
###'#..........# ...
#...#..........####.....
#...#######.....@O......
..........#.............
######....#.............
#...##....#.............
#.........#.............
#.........#.............
#.........#........##+##
#...##....#........#
#...##....#..... #...+


You could see a two-headed ogre.

Vanquished Creatures
  A hornet zombie (D:5)
  An ogre (D:5)
  A phantom (D:4)
  A kobold brigand (D:4)
  A water moccasin zombie (D:5)
  A water moccasin skeleton (D:5)
  2 hounds
  An orc priest (D:4)
  A bullfrog skeleton (D:5)
  A scorpion zombie (D:5)
  Robin (D:2)
  15 gnolls (D:4)
  5 adders
  2 white imps (D:5)
  A worm (D:2)
  4 dart slugs
  An orc (D:3)
  9 bats
  6 endoplasms
  4 giant cockroaches
  19 goblins
  13 hobgoblins
  5 jackals (D:1)
  49 kobolds
  2 quokkas
  4 ball pythons
  3 frilled lizards
  7 rats
161 creatures vanquished.

Notes
Turn   | Place    | Note
-------+----------+-------------------------------------------
     0 | D:1      | timneilson the Gargoyle Fighter began the quest for the
                  | Orb.
     0 | D:1      | Reached XP level 1. HP: 14/14 MP: 1/1
   243 | D:1      | Reached XP level 2. HP: 16/19 MP: 2/2
   592 | D:1      | Reached XP level 3. HP: 23/23 MP: 3/3
  1589 | D:2      | Found a blossoming altar of Fedhas.
  1799 | D:2      | Noticed Robin
  1805 | D:2      | Killed Robin
  1806 | D:2      | Reached XP level 4. HP: 26/28 MP: 4/4
  2825 | D:3      | Reached skill level 1 in Dodging
  2825 | D:3      | Reached XP level 5. HP: 33/33 MP: 5/5
  3577 | D:4      | Found a bloodstained altar of Trog.
  3577 | D:4      | Found a sacrificial altar of Ru.
  3707 | D:4      | Found a runed translucent gate.
  3708 | D:4      | Found a runed translucent gate.
  3709 | D:4      | Found a runed translucent gate.
  3709 | D:4      | Found an opulent altar of Gozag.
  3742 | D:4      | Noticed bande's ghost (amateur GrFi)
  3742 | D:4      | Noticed a yak
  3880 | D:4      | Found a basalt altar of Yredelemnul.
  3880 | D:4      | Found a blossoming altar of Fedhas.
  3918 | D:4      | Found a staircase to the Ecumenical Temple.
  3927 | Temple   | Entered the Ecumenical Temple
  4085 | Temple   | Became a worshipper of Warmaster Okawaru
  4149 | D:4      | Reached XP level 6. HP: 38/38 MP: 6/6
  4982 | D:4      | Reached skill level 5 in Armour
  4982 | D:4      | Reached skill level 1 in Invocations
  5336 | D:4      | Reached * piety under Okawaru
  5337 | D:4      | Reached skill level 5 in Shields
  5337 | D:4      | Reached XP level 7. HP: 27/43 MP: 7/7
  6261 | D:5      | Entered Level 5 of the Dungeon
  6290 | D:5      | Found a glowing golden altar of the Shining One.
  6931 | D:5      | Reached ** piety under Okawaru
  6932 | D:5      | Reached XP level 8. HP: 45/48 MP: 9/9
  7055 | D:5      | Noticed a two-headed ogre
  7062 | D:5      | Slain by a two-headed ogre

Illustrated notes

Levels and vault maps discovered:
D:1:      dpeg_arrival_subterranean_lakeside_camping, layout_loops_ring,
          chequers_serial_rivers_micro_d, st_stairs_3, dk_noncrumbling_4
D:2:      layout_basic, basic_altar, uniq_robin
D:3:      layout_basic, serial_glass, glass_columns_a, glass_columns_b,
          kennysheep_small_spiral
D:4:      minmay_goblin_kobold_castle, layout_rooms,
          nicolae_overflow_hidden_temple, jmf_multi_god_temple,
          gammafunk_temple_overflow_elements, minmay_temple_entry_proselytizer,
          ebering_ghost_gozag, glass_columns_a
D:5:      layout_gridville, tso_metal_star
Temple:   nicolae_temple_elliptical

Skill      XL: |  1  2  3  4  5  6  7 |
---------------+----------------------+-----
Long Blades    | 2 3 4 |  4.3
Armour         | 4 5 |  5.8
Shields        | 4 5 |  5.7
Dodging        | 1 2 |  2.2
Fighting       | 4 |  4.6
Invocations    | 1 2 |  2.1

Action                   |  1- 3 |  4- 6 |  7- 9 || total
-------------------------+-------+-------+-------++-------
Melee: Long sword        |   147 |   385 |   193 ||   725
Invok: Heroism           |       |       |     2 ||     2
  Use: Scroll            |     1 |     5 |       ||     6
       Potion            |       |     2 |     1 ||     3
Armor: Scale mail        |    83 |   252 |    75 ||   410
Dodge: Dodged            |    74 |   277 |   103 ||   454
Block: Buckler           |    36 |   107 |    51 ||   194
       Kite shield       |       |       |    25 ||    25

Table legend: (Time is in decaauts)
 A = Elapsed time spent in this place.
 B = Non-inter-level travel time spent in this place.
 C = Inter-level travel time spent in this place.
 D = Time resting spent in this place.
 E = Time spent auto-exploring this place.
 F = Levels seen in this place.
 G = Mean time per level.
                   A        B        C        D        E       F      G
               +--------+--------+--------+--------+--------+-----+--------+
         Total |   7259 |   7176 |     83 |    227 |   5319 |   6 | 1209.8 |
       Dungeon |   7090 |   7034 |     56 |    227 |   5195 |   5 | 1418.0 |
        Temple |    168 |    141 |     27 |      0 |    124 |   1 |  168.0 |
               +--------+--------+--------+--------+--------+-----+--------+

Top non-repeatable levels by time:
     D:4: 2747 daAuts
     D:1: 1559 daAuts
     D:2: 1001 daAuts
     D:3: 960 daAuts
     D:5: 822 daAuts
  Temple: 168 daAuts
